Map: Ascension to Aiur LE

Players

Avokado

  • Race: Terran Terran
  • Spawn Location: 11:00

SortOf - Winner!

  • Race: Zerg Zerg
  • Spawn Location: 5:00

Event: WCS Jonkoping 2017

VOD

Have the link to the VOD?

Description

Time

  • Played on: June 17, 2017, 10:50 a.m.
  • Length: 14:58

All games in this series

Show
View Real Time Build Order
Export as new Build Order

Avokado Terran 

Build Orders: Bio Mine 

Get SALT Encoding   

  12  0:00  SCV  
  13  0:12  SCV  
  14  0:19  Supply Depot  
  14  0:24  SCV  
  15  0:28  Refinery  
  15  0:41  SCV  
  16  0:44  Barracks  
  16  0:53  SCV  
  17  1:01  Barracks  
  17  1:05  SCV  
  18  1:18  SCV  
  19  1:31  Orbital Command, Reaper  
  20  1:38  Barracks  
  20  1:48  Reaper  
  21  1:54  Refinery  
  21  1:56  Supply Depot  
  21  1:59  SCV  
  22  2:03  Reaper  
  23  2:17  SCV  
  23  2:20  Reaper  
  25  2:25  Reaper  
  25  2:28  Supply Depot  
  25  2:29  SCV  
  27  2:35  Reaper  
  28  2:41  SCV  
  29  2:52  Reaper  
  29  2:54  SCV  
  29  2:57  Reaper  
  32  3:00  Command Center  
  32  3:06  SCV  
  32  3:07  Reaper  
  34  3:16  Supply Depot  
  34  3:19  SCV  
  35  3:25  Reaper  
  36  3:29  Reaper  
  36  3:31  SCV  
  38  3:39  Reaper  
  39  3:43  SCV  
  37  3:55  SCV  
  37  3:57  Reaper  
  37  4:01  Reaper  
  40  4:05  Barracks x2, Refinery  
  40  4:07  Refinery  
  40  4:08  SCV  
  41  4:11  Reaper  
  42  4:18  Orbital Command  
  42  4:20  SCV  
  42  4:29  Reaper  
  43  4:32  SCV  
  43  4:33  Reaper  
  45  4:43  Reaper  
  45  4:45  SCV x2  
  48  4:52  Reaper  
  48  4:53  Reaper  
  48  4:57  SCV  
  50  5:01  Reaper  
  50  5:04  SCV  
  50  5:05  Reaper  
  53  5:10  SCV  
  54  5:16  SCV, Engineering Bay, Reaper  
  54  5:20  Command Center  
  56  5:22  SCV  
  56  5:24  Reaper  
  56  5:26  Reaper  
  56  5:28  SCV  
  60  5:29  Supply Depot  
  60  5:33  Reaper  
  56  5:38  SCV  
  56  5:40  SCV  
  55  5:46  Reaper  
  55  5:48  Reaper  
  57  5:51  SCV  
  57  5:52  Terran Infantry Weapons Level 1  
  57  5:54  SCV  
  59  6:03  SCV  
  61  6:06  SCV  
  63  6:14  Factory  
  63  6:15  SCV  
  63  6:17  Supply Depot  
  63  6:18  SCV  
  66  6:21  Barracks Reactor x2  
  66  6:24  Barracks Reactor  
  63  6:25  Supply Depot  
  63  6:27  Barracks Tech Lab x2, SCV  
  63  6:30  SCV  
  66  6:41  Orbital Command  
  66  6:42  Barracks Reactor  
  66  6:46  Stimpack, Marine x2, Combat Shields  
  66  6:52  SCV x2  
  68  6:56  Engineering Bay  
  68  6:57  Marine  
  68  6:58  Marine  
  68  7:01  Starport, Factory Reactor  
  70  7:02  Marine  
  70  7:03  Marine  
  70  7:04  SCV, Marine x2  
  75  7:09  SCV x2  
  75  7:14  Supply Depot  
  77  7:18  Barracks Reactor  
  77  7:20  Marine x2  
  77  7:22  Marine x2  
  81  7:23  Marine  
  81  7:24  Armory  
  82  7:34  Marine  
  79  7:37  Terran Infantry Armor Level 1  
  79  7:38  Marine x2  
  79  7:39  Supply Depot  
  79  7:40  Marauder x2  
  79  7:41  Marine  
  79  7:43  Orbital Command  
  86  7:48  SCV  
  86  7:51  SCV  
  88  7:52  Marine, Factory  
  88  7:54  Factory Reactor  
  88  7:56  Marine  
  90  8:00  SCV  
  90  8:03  SCV  
  90  8:04  Marine x5, Refinery, Supply Depot  
  90  8:05  Supply Depot  
  97  8:06  Marine, Refinery, Supply Depot  
  97  8:08  SCV  
  97  8:10  Marine  
  97  8:12  SCV  
  101  8:13  Medivac x2  
  101  8:14  Marine  
  101  8:15  SCV  
  107  8:21  SCV, Marine  
  107  8:22  Marine x3  
  107  8:24  SCV  
  112  8:30  Marine x2  
  112  8:31  Marauder  
  112  8:32  Marine  
  108  8:38  SCV x2  
  108  8:39  Marine, SCV  
  108  8:40  Marine x2  
  114  8:41  Terran Infantry Weapons Level 2  
  114  8:43  Factory Tech Lab  
  114  8:45  Marine  
  114  8:47  Supply Depot  
  114  8:48  Medivac  
  117  8:49  Marauder, Medivac  
  117  8:51  Widow Mine  
  117  8:52  Concussive Shells  
  117  8:53  Marauder  
  117  8:54  Marine  
  117  8:55  Marine  
  127  8:56  Widow Mine  
  127  8:57  Marine  
  127  9:02  Thor  
  136  9:04  Drilling Claws  
  136  9:06  Marine  
  136  9:07  Marine  
  136  9:08  Marine  
  139  9:10  Marauder  
  139  9:13  Marine  
  139  9:14  Marauder, Marine  
  139  9:17  Marine  
  141  9:24  Marine  
  141  9:25  Marine  
  135  9:31  Marauder  
  135  9:35  Marauder, Marine x2  
  135  9:36  Marine x2  
  114  9:41  Medivac  
  114  9:42  Marine  
  114  9:43  Marine, Widow Mine  
  114  9:45  SCV x2  
  113  9:47  Thor, Widow Mine  
  113  9:50  Medivac  
  113  9:52  Marine x2  
  121  9:53  Marine  
  121  9:54  Marine  
  121  9:56  Marine  
  115  10:00  Marine  
  105  10:10  Marine x2  
  105  10:11  Marine, Medivac, Widow Mine  
  105  10:12  Marine  
  111  10:14  Marine  
  111  10:15  Widow Mine  
  111  10:17  Barracks Reactor  
  111  10:18  Marine  
  102  10:28  Marine x2  
  94  10:29  Marine, Widow Mine  
  94  10:30  Marine  
  94  10:31  Medivac  
  94  10:32  Marine, Orbital Command  
  93  10:46  Marine x2  
  93  10:48  Marine  
  95  10:50  Marine  
  95  10:51  Medivac  
  95  10:54  Unknown  
  95  10:55  Barracks Reactor, Unknown x3  
  95  10:56  Terran Infantry Armor Level 2  
  97  11:00  Marine  
  97  11:01  Marine  
  97  11:03  Marine  
  97  11:04  Marine  
  100  11:05  Thor  
  100  11:06  Marine  
  100  11:07  Marine  
  109  11:12  Widow Mine  
  111  11:18  Marine x2  
  111  11:21  Marine x2, Widow Mine  
  111  11:23  Marine  
  118  11:25  Marine  
  118  11:28  Terran Infantry Weapons Level 3  
  118  11:31  Marine  
  118  11:33  Marine  
  118  11:36  Marine x2  
  118  11:38  Missile Turret  
  118  11:39  Marine  
  119  11:40  Marine, Missile Turret x2  
  119  11:41  Marine  
  119  11:45  Marine, Widow Mine  
  119  11:48  Widow Mine  
  119  11:49  Marine, Medivac  
  119  11:50  Marine  
  119  11:53  Terran Vehicle And Ship Armor Level 1  
  125  12:00  Supply Depot x2  
  125  12:08  Marine  
  125  12:10  Marine x2  
  125  12:12  Marine  
  125  12:13  Marine  
  125  12:21  Marine x3, Widow Mine x2  
  132  12:23  Widow Mine  
  132  12:26  Marine  
  132  12:28  Marine x2  
  132  12:29  Marine  
  137  12:30  Marine  
  137  12:31  Medivac  
  141  12:45  Medivac  
  141  12:46  Marine  
  141  12:50  Marine, Widow Mine  
  141  12:51  Marauder x2, Marine x4  
  141  12:52  Widow Mine  
  141  12:55  Supply Depot  
  141  12:57  Widow Mine  
  125  13:04  Marine  
  118  13:08  Marine x4  
  118  13:11  Marine  
  118  13:12  Marine x2  
  103  13:21  Marine  
  103  13:26  Marine  
  99  13:28  Marine x2, Medivac  
  99  13:32  Widow Mine  
  105  13:36  Marine  
  105  13:37  Marine  
  105  13:40  Widow Mine  
  107  13:42  Widow Mine  
  107  13:45  Marine  
  107  13:46  Marine  
  111  13:49  Marine  
  111  13:50  Marine  
  111  13:51  Medivac  
  111  13:53  Marine x2  
  117  13:56  Marine x2  
  117  14:03  Marine  
  117  14:04  Marine  
  117  14:07  Marine  
  117  14:09  Marine  
  117  14:11  Marine  
  117  14:12  Marauder  
  117  14:14  Marine x2  
  74  14:21  Marine x2  
  57  14:24  Marine  
  57  14:27  Marine  
  57  14:29  Marine  
  54  14:31  Marine  
  54  14:32  Marine  
  54  14:33  Marine  
  48  14:39  Marine x2  
Show
View Real Time Build Order
Export as new Build Order

SortOf Zerg - Winner!

Build Orders: Hatch First 

Get SALT Encoding   

  12  0:01  Drone  
  13  0:12  Overlord  
  13  0:17  Drone  
  14  0:30  Drone x2  
  16  0:37  Drone  
  17  0:51  Hatchery  
  17  0:54  Drone  
  17  0:59  Drone  
  18  1:04  Extractor  
  17  1:13  Spawning Pool  
  17  1:16  Drone  
  17  1:19  Drone  
  18  1:33  Drone  
  19  1:45  Overlord  
  19  1:50  Drone  
  20  2:00  Queen  
  22  2:03  Queen  
  22  2:04  Zergling x4  
  22  2:06  Metabolic Boost  
  26  2:12  Drone  
  26  2:14  Drone  
  28  2:21  Drone  
  29  2:34  Hatchery  
  28  2:42  Queen  
  30  2:44  Zergling x2  
  30  2:49  Overlord  
  31  2:55  Zergling x4  
  33  3:01  Zergling x2  
  33  3:02  Zergling x4  
  36  3:07  Overlord  
  36  3:13  Zergling x4  
  36  3:19  Zergling x6  
  41  3:26  Zergling x2  
  41  3:27  Zergling x6  
  43  3:47  Drone x2  
  39  3:51  Drone x4  
  39  3:55  Drone x3  
  46  4:01  Drone  
  47  4:13  Zergling x2  
  47  4:14  Hatchery, Zergling x4  
  47  4:20  Evolution Chamber  
  47  4:21  Queen  
  47  4:24  Zergling x4  
  50  4:27  Zergling x2  
  50  4:29  Overlord  
  51  4:41  Zergling x4  
  51  4:45  Overlord  
  51  4:50  Zergling x8  
  51  4:51  Zerg Ground Armor Level 1  
  55  5:02  Queen  
  55  5:05  Zergling x14  
  61  5:10  Zergling x4  
  61  5:13  Queen  
  62  5:38  Overlord  
  62  5:39  Drone x2  
  62  5:40  Drone x4  
  65  5:43  Drone x2  
  65  5:44  Drone  
  65  5:48  Drone  
  65  5:49  Baneling Nest  
  66  5:52  Hatchery  
  65  5:57  Drone x2  
  65  6:01  Drone x2  
  67  6:07  Queen  
  67  6:09  Extractor  
  67  6:10  Zergling x6  
  71  6:17  Overlord  
  71  6:19  Drone x2  
  73  6:25  Hatchery  
  72  6:33  Zergling x6  
  72  6:38  Baneling x4  
  72  6:39  Baneling x2  
  75  6:41  Overlord  
  75  6:42  Drone x3  
  77  6:50  Drone x2  
  77  6:52  Queen  
  79  6:58  Zergling x6  
  82  7:02  Lair  
  82  7:03  Zerg Melee Weapons Level 1  
  82  7:08  Zergling x4  
  82  7:11  Baneling x2  
  84  7:18  Drone x4  
  86  7:35  Drone x2  
  84  7:38  Drone  
  84  7:39  Drone x6  
  84  7:41  Zergling x4  
  84  7:44  Queen  
  93  7:45  Baneling x2  
  93  7:46  Baneling x5  
  93  7:48  Extractor  
  93  7:50  Zergling x2  
  93  7:51  Zergling x8  
  99  7:56  Hatchery  
  99  7:57  Overlord  
  98  7:59  Extractor  
  98  8:02  Overlord  
  97  8:08  Overlord  
  97  8:10  Centrifical Hooks  
  97  8:12  Extractor  
  96  8:14  Overlord  
  96  8:20  Hatchery  
  91  8:31  Zergling x28  
  103  8:36  Spire  
  103  8:38  Evolution Chamber  
  103  8:39  Drone x3  
  103  8:40  Drone  
  105  8:42  Extractor  
  105  8:44  Zergling x14  
  111  8:51  Overlord  
  111  8:56  Zerg Ground Armor Level 2, Drone x2  
  111  8:58  Drone  
  111  9:00  Overseer  
  114  9:03  Overseer  
  114  9:05  Drone x2  
  114  9:07  Drone x2  
  114  9:08  Baneling  
  118  9:11  Drone  
  118  9:13  Zergling x8  
  118  9:14  Baneling  
  118  9:15  Baneling  
  123  9:22  Zergling x12  
  120  9:35  Zergling x12  
  120  9:36  Zergling x4  
  120  9:37  Zergling x6  
  120  9:38  Zergling x2  
  112  9:42  Zergling x6  
  112  9:43  Zergling x2  
  110  9:45  Zergling x2  
  110  9:46  Zergling x2  
  107  10:01  Overlord  
  107  10:02  Drone x9  
  107  10:04  Baneling  
  107  10:05  Baneling x4  
  113  10:07  Zerg Melee Weapons Level 2  
  113  10:09  Zerg Flyer Weapons Level 1  
  105  10:32  Drone x2  
  105  10:34  Drone x6  
  105  10:39  Zergling x4  
  105  10:40  Zergling x4  
  103  10:47  Hatchery  
  102  10:51  Mutalisk x8  
  102  10:55  Pneumatized Carapace  
  118  10:59  Zergling x6  
  118  11:01  Baneling x2  
  121  11:07  Zergling x12  
  124  11:26  Mutalisk x3  
  124  11:27  Mutalisk x2  
  124  11:30  Hatchery  
  133  11:34  Zergling x12  
  139  11:43  Zergling x10  
  144  11:53  Overlord x2  
  144  11:54  Baneling x4  
  144  11:55  Baneling x13  
  136  12:09  Baneling x5  
  136  12:10  Baneling x2, Zergling x2  
  136  12:11  Zergling x20  
  144  12:21  Zergling x2  
  144  12:22  Zergling x22  
  153  12:27  Mutalisk x4  
  161  12:30  Baneling x3  
  161  12:36  Zergling x10  
  165  12:46  Zergling x12  
  165  12:47  Zergling x4  
  148  12:59  Baneling x5  
  148  13:00  Baneling x3  
  148  13:05  Zergling x12  
  134  13:06  Zergling x18  
  134  13:07  Zergling x4  
  134  13:12  Zergling x4  
  127  13:17  Mutalisk x4  
  127  13:23  Mutalisk x3  
  127  13:24  Mutalisk  
  131  13:38  Corruptor  
  131  13:39  Corruptor x2  
  137  13:41  Baneling x3  
  137  13:42  Baneling  
  137  13:49  Hatchery, Zergling x12  
  142  13:58  Zergling x2  
  142  13:59  Zergling x2  
  142  14:00  Zergling x6  
  147  14:05  Baneling x4  
  144  14:13  Zergling x4  
  144  14:14  Zergling x12  
  144  14:15  Zergling x16  
  144  14:16  Zergling x2  
  139  14:19  Zergling x6  
  139  14:21  Zergling x4  
  139  14:23  Zergling x4  
  145  14:27  Zergling x4  
  146  14:43  Baneling  
Tags
 
Add a new tag
Caveats
  • Supply blocks, unpowered buildings, or Contaminate may cause inaccurate times.
  • Supply counts are checked every 10 seconds.